 Dungeon Crawl Stone Soup version 0.29.1-4-g47bece8355 (webtiles) character file.

Game seed: 10774372642260752070

64 Hiippo the Trooper (level 4, -5/33 (37) HPs)
             Began as a Formicid Abyssal Knight on Dec 1, 2022.
             Was a Priest of Lugonu.
             Killed from afar by an orc wizard (6 damage)
             ... with a puff of flame
             ... on level 2 of the Dungeon.
             The game lasted 00:11:40 (1915 turns).

Hiippo the Trooper (Formicid Abyssal Knight)        Turns: 1915, Time: 00:11:41

HP:   -5/33 (37)    AC:  3    Str: 20    XL:     4   Next: 32%
MP:   6/6           EV: 11    Int: 15    God:    Lugonu [***...]
Gold: 132           SH:  0    Dex: 14    Spells: 3/3 levels left

rFire   . . .      SeeInvis +   a - +1 spear
rCold   . . .      Faith    .   (no shield)
rNeg    . . .      Spirit   .   b - +0 leather armour
rPois   .          Reflect  .   (helmet unavailable)
rElec   .          Harm     .   (no cloak)
rCorr   .          Rampage  .   (no gloves)
Will    .....                   (no boots)
Stlth   +.........              (no amulet)
HPRegen 0.11/turn               h - +6 ring of intelligence
MPRegen 0.10/turn               (no ring)

@: heavily drained
A: permanent stasis, dig shafts and tunnels, antennae 3, four strong arms
a: Dig, Shaft Self, Renounce Religion, Depart the Abyss, Bend Space, Banish


You were on level 2 of the Dungeon.
You worshipped Lugonu.
Lugonu was most pleased with you.
You visited 1 branch of the dungeon, and saw 2 of its levels.
You visited the Abyss 1 time.

You collected 132 gold pieces.

Inventory:

Hand Weapons
 a - a +1 spear (weapon)
Armour
 b - a +0 leather armour (worn)
Jewellery
 h - a +6 ring of intelligence (left hand)
Scrolls
 c - 2 scrolls of identify {unknown}
 f - a scroll of vulnerability {unknown}
 g - a scroll of immolation {unknown}
Potions
 d - a potion of magic {unknown}
 e - 2 potions of brilliance {unknown}


   Skills:
 + Level 3.8 Fighting
 + Level 2.6 Polearms
 - Level 2.8 Armour
 - Level 1.5 Dodging
 - Level 2.9 Invocations


You had 3 spell levels left.
You didn't know any spells.
Your spell library contained the following spells:

 Spells                   Type           Power      Damage    Failure   Level
 Summon Small Mammal      Summ           0%         N/A       30%         1
 Call Canine Familiar     Summ           0%         N/A       67%         3
 Summon Guardian Golem    Hex/Summ       0%         N/A       67%         3


Dungeon Overview and Level Annotations

Branches:
Dungeon (2/15)

Altars:


Innate Abilities, Weirdness & Mutations

You cannot be hasted, slowed, berserked, paralysed or teleported.
You can dig through walls and to a lower floor.
You have a pair of large antennae on your head. (SInv)
Your four strong arms can wield two-handed weapons with a shield.


Message History

The orc wizard is almost dead.
The orc wizard hits you but does no damage.
You barely miss the orc wizard.
The orc wizard is almost dead.
The orc wizard hits you with a +0 dagger.
You barely miss the orc wizard.
The orc wizard is almost dead.
The orc wizard barely misses you.
You miss the orc wizard.
The orc wizard is almost dead.
The orc wizard hits you with a +0 dagger.
You closely miss the orc wizard.
The orc wizard is almost dead.
The orc wizard casts a spell at you. The magic dart hits you.
You miss the orc wizard.
The orc wizard is severely wounded.
The orc wizard hits you with a +0 dagger.
You hit the orc wizard but do no damage.
The orc wizard is severely wounded.
The orc wizard casts a spell at you. The puff of flame hits you.
You closely miss the orc wizard.
The orc wizard is severely wounded.
The orc wizard gestures at you while chanting.
You resist with some effort.
You closely miss the orc wizard.
The orc wizard is severely wounded.
The orc wizard hits you with a +0 dagger.
* * * LOW HITPOINT WARNING * * *
You closely miss the orc wizard.
The orc wizard is severely wounded.
The orc wizard hits you with a +0 dagger.
* * * LOW HITPOINT WARNING * * *
The orc wizard casts a spell at you. The puff of flame hits you.
* * * LOW HITPOINT WARNING * * *
The orc wizard gestures at you while chanting.
The puff of flame hits you.
You die...

#..# ##.# ##.## ########
##.#.##### .......#
##.###....# .#####.#
##...#.###.# {
.#####.###.....####o###..#.
.......##.........ooJ......
.##.............@######.###
.##....##(.......#
.................#
.####..###....##.# .####..#
#....##.# .......#
#......># .......#
##..#.#.###. .......#
#........... .<.....#
#...........


You could see an orc wizard (invisible), 2 orcs and an endoplasm.

Vanquished Creatures
  A gnoll (D:1)
  3 worms (D:2)
  2 dart slugs (D:1)
  2 orcs (D:2)
  4 ball pythons
  4 endoplasms
  4 hobgoblins
  6 kobolds
  3 bats (D:1)
  5 frilled lizards
  3 goblins (D:1)
  A rat (D:1)
38 creatures vanquished.

Vanquished Creatures (others)
  A fungus (D:1)
  2 plants (D:1)
3 creatures vanquished.

Grand Total: 41 creatures vanquished

Notes
Turn   | Place    | Note
-------+----------+-------------------------------------------
     0 | Abyss:1  | Hiippo the Formicid Abyssal Knight began the quest for the
                  | Orb.
     0 | Abyss:1  | Reached XP level 1. HP: 18/18 MP: 2/2
     0 | D:1      | Escaped the Abyss
     8 | D:1      | Noticed a polar bear
     8 | D:1      | Noticed a redback
     8 | D:1      | Noticed a hound
     8 | D:1      | Noticed a komodo dragon
     8 | D:1      | Noticed a wyvern
    86 | D:1      | Reached skill level 1 in Dodging
   221 | D:1      | Reached XP level 2. HP: 21/24 MP: 3/3
   523 | D:1      | Reached XP level 3. HP: 17/29 MP: 4/4
   903 | D:1      | Found a faded altar of an unknown god.
  1525 | D:2      | Reached XP level 4. HP: 18/33 MP: 6/6
  1839 | D:2      | Reached *** piety under Lugonu
  1914 | D:2      | HP: 1/33 [orc wizard/puff of flame (4)]
  1915 | D:2      | Killed from afar by an orc wizard

Illustrated notes

Levels and vault maps discovered:
D:1:      onia_arrival_zoo_common, layout_loops_ring,
          shapermc_ecumenical_altar_mp_urbaneastern, serial_rivers,
          chequers_serial_rivers_micro_d, chequers_serial_rivers_micro_c,
          chequers_serial_rivers_small_3, chequers_serial_rivers_micro_b,
          chequers_jeans, minmay_pentomino_x4
D:2:      layout_loops_cross, st_stairs_12, grunt_decor_clamped,
          solitary_fountain, minmay_ruptured

Skill      XL: |  1 |
---------------+----+-----
Dodging        | 1 |  1.5
Fighting       | |  3.8
Polearms       | |  2.6
Armour         | |  2.8
Invocations    | |  2.9

Action                   |  1- 3 |  4- 6 || total
-------------------------+-------+-------++-------
Melee: Spear             |   119 |    68 ||   187
       Punch             |     1 |       ||     1
Invok: Depart the Abyss  |     1 |       ||     1
 Abil: Dig               |     2 |     4 ||     6
 Stab: Sleeping          |     1 |       ||     1
Armor: Leather armour    |    16 |     4 ||    20
Dodge: Dodged            |    28 |    10 ||    38
